 Dungeon Crawl Stone Soup version 0.28.0-53-g5a82cb258f (webtiles) character file.

Game seed: 3376259599980198932

243 Zeld the Gusty (level 6, -4/32 HPs)
             Began as a Tengu Air Elementalist on June 15, 2022.
             Slain by a gnoll
             ... wielding a +0 halberd
              (15 damage)
             ... on level 3 of the Dungeon.
             The game lasted 00:03:30 (3592 turns).

Zeld the Gusty (Tengu Air Elementalist)             Turns: 3592, Time: 00:03:31

Health: -4/32      AC:  2    Str:  8    XL:     6   Next: 9%
Magic:  3/13       EV: 14    Int: 23    God:
Gold:   80         SH:  0    Dex: 15    Spells: 3/13 levels left

rFire   . . .      SeeInvis .   g - +2 dagger (elec)
rCold   . . .      Faith    .   (no shield)
rNeg    . . .      Spirit   .   a - +0 robe
rPois   .          Reflect  .   (helmet restricted)
rElec   .          Harm     .   (no cloak)
rCorr   .          Rampage  .   (no gloves)
Will    .....                   (boots unavailable)
Stlth   ++........              (no amulet)
HPRegen 0.10/turn               h - +6 ring of intelligence
MPRegen 0.13/turn               (no ring)

@: flying quickly and evasively, quick
A: beak, talons 3, nimble flight
a: no special abilities


You were on level 3 of the Dungeon.
You visited 1 branch of the dungeon, and saw 3 of its levels.

You collected 80 gold pieces.

Inventory:

Hand Weapons
 g - a +2 dagger of electrocution (weapon)
Missiles
 c - 3 poisoned darts
Armour
 a - a +0 robe (worn)
Jewellery
 h - a +6 ring of intelligence (left hand)
Wands
 k - a wand of mindburst (10)
Scrolls
 b - a scroll of summoning {unknown}
 j - a scroll of identify {unknown}
 l - 2 scrolls of teleportation {unknown}
 m - a scroll of amnesia {unknown}
Potions
 d - a potion of berserk rage {unknown}
 e - a potion of heal wounds {unknown}
 f - 2 potions of curing {unknown}
 i - 3 potions of haste {unknown}


   Skills:
 - Level 2.1 Dodging
 - Level 2.0 Stealth
 * Level 4.1 Spellcasting
 + Level 3.7 Conjurations
 + Level 5.9 Air Magic


You had 3 spell levels left.
You knew the following spells:

 Your Spells              Type           Power      Damage    Failure   Level
a - Shock                 Conj/Air       100%       1d9       1%          1
b - Static Discharge      Conj/Air       27%        N/A       2%          2
c - Swiftness             Air            32%        N/A       2%          3
d - Airstrike             Air            16%        N/A       9%          4

Your spell library contained the following spells:

 Spells                   Type           Power      Damage    Failure   Level
 Freeze                   Ice            16%        1d4       11%         1
 Confusing Touch          Hex            4%         N/A       30%         3
 Frozen Ramparts          Ice            8%         1d2       30%         3
 Hailstorm                Conj/Ice       13%        3d5       43%         4
 Yara's Violent Unravell  Hex/Tmut       2%         3d3       96%         5
 Enfeeble                 Hex            2%         N/A       100%        7


Dungeon Overview and Level Annotations

Branches:
Dungeon (3/15)

Altars:
Xom


Innate Abilities, Weirdness & Mutations

You have a beak for a mouth.
You have claws for feet.
Your magical nature lets you fly swiftly and evasively.


Message History

You kill the adder!
You are struck by an arc of lightning.
The lightning grounds out.
The gnoll shouts!
You hear a shout!
Your Spellcasting skill increases to level 4!
You have reached level 6!
The kobold hits you but does no damage.
You barely miss the kobold. Your kick misses the kobold. You peck the kobold.
The kobold is severely wounded.
The kobold barely misses you.
You hit the kobold.
You kill the kobold!
A gnoll comes into view. It is wielding a +0 halberd.
You hit the gnoll but do no damage. Lightning courses through the gnoll!
You kill the gnoll!
The gnoll closely misses you.
Things that are here:
a +0 flail; a +0 dagger You hit the gnoll.
You peck the gnoll, but do no damage.
The gnoll is lightly wounded.
The gnoll misses you.
Casting: Static Discharge (safe; 2% risk of failure)
Confirm with . or Enter, or press ? or * to list all spells.
The gnoll is struck by an arc of lightning.
The gnoll is heavily wounded.
You are struck by an arc of lightning.
The lightning grounds out.
The gnoll barely misses you.
Unknown command.
You barely miss the gnoll. Your kick misses the gnoll.
The gnoll is heavily wounded.
The gnoll barely misses you.
Unknown command.
You barely miss the gnoll. Your kick misses the gnoll. You peck the gnoll.
The gnoll is severely wounded.
The gnoll hits you with a +0 halberd!
Unknown command.
The gnoll hits you from afar with a +0 halberd.
You see here a scroll labelled FUNIOB HEECOTWA.
The gnoll closely misses you.
The gnoll hits you from afar with a +0 halberd!
You die...

#.... ..)#
##..)#††$#
##..##.####
##...#.#.....$.
##..##)##......#
#...#.#.....####
##.##g##....##
#..#?#...####
#..###@.##
#######......##
#.#.........#..###
#.#.# ####...##
#.#.# #.### #.#.#
#####.## #.#.#
#......# #.#.#
#.###..#
....###.###..#


You could see a gnoll.

Vanquished Creatures
  A scorpion (D:3)
  An orc priest (D:2)
  An orc wizard (D:2)
  A hound skeleton (D:2)
  4 adders
  2 gnolls (D:3)
  2 worms
  3 orcs
  3 bats
  2 endoplasms (D:2)
  9 goblins
  7 hobgoblins
  4 quokkas
  5 ball pythons
  3 frilled lizards (D:2)
  9 kobolds
  3 rats
60 creatures vanquished.

Notes
Turn   | Place    | Note
-------+----------+-------------------------------------------
     0 | D:1      | Zeld the Tengu Air Elementalist began the quest for the
                  | Orb.
     0 | D:1      | Reached XP level 1. HP: 10/10 MP: 4/4
   143 | D:1      | Reached XP level 2. HP: 4/15 MP: 0/6
   488 | D:1      | Learned a level 2 spell: Static Discharge
  1050 | D:1      | Reached XP level 3. HP: 16/19 MP: 7/7
  1055 | D:1      | Learned a level 3 spell: Swiftness
  1860 | D:2      | Found a shimmering altar of Xom.
  2787 | D:2      | Reached skill level 5 in Air Magic
  2859 | D:2      | Reached XP level 4. HP: 20/24 MP: 9/9
  3162 | D:2      | Gained mutation: Your magical nature lets you fly swiftly
                  | and evasively. [Tengu growth]
  3162 | D:2      | Reached XP level 5. HP: 24/28 MP: 4/11
  3251 | D:1      | Learned a level 4 spell: Airstrike
  3502 | D:2      | Found a faded altar of an unknown god.
  3574 | D:3      | Reached XP level 6. HP: 27/32 MP: 3/13
  3592 | D:3      | Slain by a gnoll

Illustrated notes

Levels and vault maps discovered:
D:1:      giann_wishing_wells, layout_loops_ring
D:2:      layout_rooms, dilly_ecumenical_altar_fadedgnrine, basic_altar
D:3:      layout_loops_corners, minmay_vboxes

Skill      XL: |  1  2  3  4  5 |
---------------+----------------+-----
Conjurations   | 2 3 |  3.7
Air Magic      | 5 |  5.9
Spellcasting   | 3 4 |  4.1
Dodging        | |  2.1
Stealth        | |  2.0

Action                   |  1- 3 |  4- 6 || total
-------------------------+-------+-------++-------
Melee: Unarmed           |     5 |       ||     5
       Dagger            |    30 |    34 ||    64
       Peck              |     6 |     6 ||    12
       Kick              |    12 |     5 ||    17
 Cast: Shock             |    20 |     8 ||    28
       Static Discharge  |    13 |     7 ||    20
 Stab: Sleeping          |     1 |     1 ||     2
Armor: Robe              |    11 |     9 ||    20
Dodge: Dodged            |    29 |    38 ||    67
